 Dungeon Crawl Stone Soup version 0.30-a0-779-g7971cf19c3 (webtiles) character file.

Game seed: 2502504756612891288

4 Esekla the Sneak (level 1, 0/16 HPs)
             Began as an Octopode Delver on Feb 17, 2023.
             Was an Initiate of Gozag.
             Slain by an ice beast (4 damage)
             ... on level 5 of the Dungeon.
             The game lasted 00:08:20 (4534 turns).

Esekla the Sneak (Octopode Delver)                  Turns: 4534, Time: 00:08:21

Health: 0/16       AC:  1    Str: 11    XL:     1   Next: 60%
Magic:  1/1        EV: 13    Int: 12    God:    Gozag
Gold:   3          SH:  0    Dex: 13    Spells: 0/0 levels left

rFire   . . .      SeeInvis .    a - +0 falchion
rCold   . . .      Faith    .    (no shield)
rNeg    . . .      Spirit   .    (helmet restricted)
rPois   .          Reflect  .    (no amulet)
rElec   .          Harm     .    (no ring)
rCorr   .          Rampage  .    (no ring)
Will    .....                    (no ring)
Stlth   ++++                     (no ring)
HPRegen 0.22/turn                (no ring)
MPRegen 0.07/turn                (no ring)
                                 (no ring)
                                 (no ring)

@: no status effects
A: almost no armour, amphibious, 8 rings, camouflage 1, gelatinous body 1,
(nimble swimmer 1), tentacles
a: Renounce Religion, Potion Petition, Call Merchant, Bribe Branch


You were on level 5 of the Dungeon.
You worshipped Gozag.
Gozag was noncommittal.
You visited 2 branches of the dungeon, and saw 2 of its levels.

You collected 18 gold pieces.
You paid 15 gold pieces to Gozag.

Inventory:

Hand Weapons
 a - a +0 falchion (weapon)
 g - a +0 dagger
 h - a +0 trident
Wands
 f - a wand of digging (3)
Scrolls
 b - a scroll of fog


   Skills:
 * Level 3.0 Fighting
 * Level 2.0 Long Blades
 * Level 2.0 Dodging
 + Level 6.7 Stealth
 * Level 0.1 Spellcasting


You couldn't memorise any spells.
You didn't know any spells.
Your spell library was empty.

Dungeon Overview and Level Annotations

Branches:
Dungeon (5/15)             Temple (1/1) D:5

Altars:
Cheibriados
Dithmenos
Elyvilon
Fedhas
Gozag
Hepliaklqana
Makhleb
Nemelex Xobeh
Okawaru
Ru
Sif Muna
Trog
Uskayaw
Vehumet
Yredelemnul
Zin
The Shining One

Shops:
D:5 *

Annotations:
D:5 1 runed translucent door, 2 transporters, Crazy Yiuf; dialectric's ghost, novice DsFi


Innate Abilities, Weirdness & Mutations

You cannot wear most types of armour.
You are amphibious.
You can wear up to eight rings at the same time.
Your skin changes colour to match your surroundings (Stealth+).
Your rubbery body absorbs attacks. (AC +1, EV +1)
((You are camouflaged when in or above water. (Stealth+)))
You have tentacles for arms and can constrict up to eight enemies at once.


Message History

You start waiting.
Done waiting.
You start waiting.
Done waiting.
You start waiting.
Done waiting.
You start waiting.
Done waiting.
You start waiting.
Done waiting.
You start waiting.
Done waiting.
You start waiting.
Done waiting.
You start waiting.
Done waiting.
You start waiting.
Done waiting.
You start waiting.
Done waiting.
You start waiting.
Done waiting.
You climb upwards.
Level annotation: 1 runed translucent door, 2 transporters, Crazy Yiuf; dialectric's ghost, novice DsFi The ice beast misses you.
There is a staircase to the Ecumenical Temple here.
You closely miss the ice beast. The ice beast closely misses you.
The ice beast attacks as you move away! The ice beast closely misses you.
You hit the ice beast.
The ice beast is moderately wounded.
The ice beast hits you. The ice beast freezes you!
Ouch! That really hurt!
* * * LOW HITPOINT WARNING * * *
You feel better. The ice beast hits you. The ice beast freezes you!
* * * LOW HITPOINT WARNING * * *
You barely miss the ice beast. You squeeze the ice beast.
The ice beast is moderately wounded.
The ice beast hits you.
You die...
Your body crumbles into a pile of gold.

**,****,#.#,****,****,#.#
,,,,,,,,#.#,,,,,,,,,,,#.##
#########.#############..#
....................Y....#
..............#########..#
..................####..##
.......................##
#..............Y...#####
##..........#.PP@..#
o##........##.P....#
....((......#####..#
###...........Y...##
............#######
............#
###.........#
............#
###.........##


You could see an ice beast.

Vanquished Creatures
  2 orcs
2 creatures vanquished.

Vanquished Creatures (others)
  5 plants (D:5)
5 creatures vanquished.

Grand Total: 7 creatures vanquished

Notes
Turn   | Place    | Note
-------+----------+-------------------------------------------
     0 | D:5      | Esekla the Octopode Delver began the quest for the Orb.
     0 | D:5      | Reached XP level 1. HP: 16/16 MP: 1/1
     1 | D:5      | Noticed a hound
     3 | D:5      | Noticed a yak
    12 | D:5      | Noticed a scorpion
    18 | D:5      | Noticed an orc wizard
    24 | D:5      | Noticed a phantom
    33 | D:5      | Found a staircase to the Ecumenical Temple.
    38 | Temple   | Entered the Ecumenical Temple
    73 | D:5      | Noticed a jelly
  1450 | D:5      | Found a runed translucent door.
  1451 | D:5      | Noticed Crazy Yiuf
  1475 | D:5      | Found a transporter.
  1479 | D:5      | Noticed dialectric's ghost (novice DsFi)
  1479 | D:5      | Noticed a gnoll bouda
  1483 | D:5      | Noticed a gnoll sergeant
  1507 | D:5      | Found a transporter.
  1516 | D:5      | Identified the +1 scale mail "Ypred" {rF+ Will+ rCorr}
  1516 | D:5      | Noticed a gnoll sergeant
  1522 | D:5      | Noticed an ice beast
  1703 | Temple   | Became a worshipper of Gozag Ym Sagoz the Greedy
  4534 | D:5      | Slain by an ice beast

Illustrated notes

Levels and vault maps discovered:
D:5:      layout_rooms, minmay_temple_entry_overgrown,
          gammafunk_ghost_gnarly_gnolls, minivault_24,
          chequers_serial_rivers_room_a, roderic_lattice_a, minmay_shop_damaged,
          minmay_manual_moon, uniq_crazy_yiuf_cottage
Temple:   sentei_temple_godly_chess

Action                     || total
---------------------------++-------
  Melee: Falchion          ||     8
         Tentacles         ||     3
         Constrict         ||     1
    Use: Scroll            ||     3
         Potion            ||     3
 Armour: Skin              ||     1
  Dodge: Dodged            ||     7

Table legend: (Time is in decaauts)
 A = Elapsed time spent in this place.
 B = Non-inter-level travel time spent in this place.
 C = Inter-level travel time spent in this place.
 D = Time resting spent in this place.
 E = Time spent auto-exploring this place.
 F = Levels seen in this place.
 G = Mean time per level.
                   A        B        C        D        E       F      G
               +--------+--------+--------+--------+--------+-----+--------+
         Total |   4517 |   4517 |      0 |   4109 |      0 |   2 | 2258.5 |
       Dungeon |    359 |    359 |      0 |      9 |      0 |   1 |  359.0 |
        Temple |   4157 |   4157 |      0 |   4100 |      0 |   1 | 4157.0 |
               +--------+--------+--------+--------+--------+-----+--------+

Top non-repeatable levels by time:
  Temple: 4157 daAuts
     D:5: 359 daAuts
